Workbook

Sheet Matriz Riesgos
B1: Versión: Proyecto de pliego | H1: MATRIZ DE RIESGOS
A2: N° | B2: Clase | C2: Fuente | D2: Etapa | E2: Tipo | F2: Descripción (Qué puede pasar y, cómo puede ocurrir) | G2: Consecuencia de la ocurrencia del evento | H2: Probabilidad | I2: Impacto | J2: Calificacion Total | K2: Prioridad | L2: ¿A quién se le asigna? | M2: Tratamiento/ Controles a ser implementados | N2: Impacto después del tratamiento | R2: ¿Afecta la ejecución del contrato? | S2: ¿Afecta el equilibrio economico del contrato? | T2: Responsable por implementar el tratamiento | U2: Fecha estimada en que se inicia el tratamiento | V2: Fecha estimada en que se completa el tratamiento | W2: Monitoreo y revisión
N3: Probabilidad | O3: Impacto | P3: Calificación | Q3: Prioridad | W3: ¿Cómo se realiza el monitoreo? | X3: Periodicidad ¿Cuándo?
A5: 1 | B5: General | C5: Externo | D5: Ejecución | E5: Regulatorios | F5: Cambios en los tributos y aranceles aplicables | G5: Variaciones en las condiciones del mercado que afecten la prestación del servicio de dispensación de medicamentos (variaciones del precio de los medicamentos, entre otras). | H5: 3 | I5: 3 | J5: =SUM(H5:I5) -> 6 | K5: =VLOOKUP(J5,Inputs!$E$2:$F$12,2,FALSE()) -> Alto | L5: Entidad Contratante + Contratista | M5: Establecer en el contrato clausulas que permitan evidenciar el tratamiento que el contratista va a adelantar en caso de variacion en las condiciones del mercado que afecten la prestación del servicio de dispensación de medicamentos | N5: 2 | O5: 1 | P5: =SUM(N5:O5) -> 3 | Q5: =VLOOKUP(P5,Inputs!$E$2:$F$12,2,FALSE()) -> Bajo | R5: No | S5: Si | T5: Entidad Contratante + Contratista | U5: Etapa de planeación | V5: Finalización en la vigencia del contrato | W5: Verificación de la normatividad en cuanto a tributos, aranceles aplicables. | X5: Según lineamientos del contrato
A6: 2 | B6: General | C6: Externo | D6: Ejecución | E6: Económico | F6: Variaciones que superen el comportamiento "normal" de la TRM reportado o analizado por el Banco de la República. | G6: Incremento en los precios de los medicamentos. | H6: 3 | I6: 3 | J6: =SUM(H6:I6) -> 6 | K6: =VLOOKUP(J6,Inputs!$E$2:$F$12,2,FALSE()) -> Alto | L6: Entidad Contratante + Contratista | M6: Revisión y registro automático de la TRM frente a variaciones históricas. Informe de comportamiento y anomalías de la TRM. Actualización de presupuestos y proyecciones ante cambios bruscos. | N6: 2 | O6: 1 | P6: =SUM(N6:O6) -> 3 | Q6: =VLOOKUP(P6,Inputs!$E$2:$F$12,2,FALSE()) -> Bajo | R6: No | S6: Si | T6: Entidad Contratante + Contratista | U6: Etapa de planeación. | V6: Finalizacion en la vigencia del contrato | W6: Seguimiento a la TRM y el impacto en los precios de los productos pactados | X6: Trimestralmente.
A7: 3 | B7: Específico | C7: Externo | D7: Ejecución | E7: Operacionales | F7: Incumplimiento del contrato / incumplimiento de las condiciones técnicas establecidas en el contrato y sus correspondientes estudios previos incluidas sus adiciones o modificaciones | G7: Afectación sobre la salud de los pacientes. Insatisfaccion de los usuarios con el servicio prestado Riesgo reputacional | H7: 3 | I7: 4 | J7: =SUM(H7:I7) -> 7 | K7: =VLOOKUP(J7,Inputs!$E$2:$F$12,2,FALSE()) -> Alto | L7: Entidad Contratante + Contratista | M7: Aplicar el procedimiento estbalecido en el contrato para la aplicación de multas y sanciones y/o aplicación de las glosas correspondientes por parte del interventor o supervisore, según corresponda | N7: 2 | O7: 3 | P7: =SUM(N7:O7) -> 5 | Q7: =VLOOKUP(P7,Inputs!$E$2:$F$12,2,FALSE()) -> Medio | R7: Si | S7: No | T7: Entidad Contratante | U7: Fecha de inicio del contrato | V7: Fecha final del contrato (incluidas sus prórrogas) | W7: Auditoria de cuentas Informes de supervision y/o interventoria mensuales donde se manifiesta el cumplimiento o no a lo pactado contractualmente | X7: Mensual
A8: 4 | B8: Específico | C8: Externo | D8: Ejecución | E8: Operacionales | F8: Fallas en la operación logística en la distribución de medicamentos por situaciones como: Afectación en el orden público que puede interrumpir el normal flujo de la cadena de suministros Declaración de una epidemia o pandemia lo cual impida el traslado de medicamentos, provisiones y mercancías. Desastre natural. Riesgo sanitario por algún factor contaminante que afecte el transporte de medicamentos. | G8: Los pacientes no tienen oportunidad en el acceso a los tratamientos farmacologicos lo cual puede afectar su estado de salud | H8: 2 | I8: 3 | J8: =SUM(H8:I8) -> 5 | K8: =VLOOKUP(J8,Inputs!$E$2:$F$12,2,FALSE()) -> Medio | L8: Entidad Contratante + Contratista | M8: Presentar un plan de contigencia para actuar frente a la presentacion de uno d elos eventos anteriormente mencionados Ante eventuales situaciones (alteraciones del órden público, desastres naturales, etc) la DIGSA adelantará las coordinaciones respectivas para mitigar la opsible afetcacion en el suministro y/o dispensacion de medicamentos | N8: 2 | O8: 2 | P8: =SUM(N8:O8) -> 4 | Q8: =VLOOKUP(P8,Inputs!$E$2:$F$12,2,FALSE()) -> Bajo | R8: Si | S8: no | T8: Entidad Contratante + Contratista | U8: Fecha de inicio del contrato | V8: Al finalizar la ejecucion contractua (Incluidas sus prorogas)l. | W8: Verificacion de la conveniencia y efectividad del plan de contingencia que plantee el contratista y su puesta en marcha en el momento que alguno de los eventos mencionados se presente. | X8: Permanente
A9: 5 | B9: Específico | C9: Externo | D9: Ejecución | E9: Operacionales | F9: Entrega de medicamentos fraudulentos, adulterados, vencidos o falsificados. | G9: Afectación a la salud del usuario. Insatisfacion del usuario Posible impacto economico secundario | H9: 2 | I9: 5 | J9: =SUM(H9:I9) -> 7 | K9: =VLOOKUP(J9,Inputs!$E$2:$F$12,2,FALSE()) -> Alto | L9: Entidad Contratante + Contratista | M9: Verificar boletines y alertas sanitarias emitidas por autoridades competentes. Realizar devolución de medicamentos Aplicar glosas a la factura y soportes Diseñar Planes de mejora Realizar denuncia ante entidad competente (en caso de aplicar) Implementar PLAN DE RECALL. Adicionalmente: verificación del cumplimiento de Buenas Prácticas de Manufactura (BPM), control de cadena de frío, verificación de lotes y trazabilidad, uso de código de barras/UDI y alertas de vencimiento, conforme a las Resoluciones 1403 de 2007, 1604 de 2013 y 1809 de 2025. | N9: 1 | O9: 4 | P9: =SUM(N9:O9) -> 5 | Q9: =VLOOKUP(P9,Inputs!$E$2:$F$12,2,FALSE()) -> Medio | R9: Si | S9: No | T9: Entidad Contratante + Contratista | U9: Fecha de inicio del contrato | V9: Fecha final del contrato (incluidas sus prórrogas) | W9: Visitas de verificación en puntos de dispensación y almacenamiento. Auditoria de calidad de medicamentos Monitoreo a reportes y/o alertas sanitarias por las entidades competentes. Seguimientos a PQRS y farmacovigilancia. | X9: Mensual
A10: 6 | B10: Específico | C10: Externo | D10: Ejecución | E10: Regulatorios | F10: Incumplimiento de las normas de habilitación en salud. | G10: Cierre de puntos y retención de medicamentos por parte de ente de control. Falta de cobertura en los usuarios. Riesgos para la salud del paciente insatisfacción de los usuarios. | H10: 3 | I10: 3 | J10: =SUM(H10:I10) -> 6 | K10: =VLOOKUP(J10,Inputs!$E$2:$F$12,2,FALSE()) -> Alto | L10: Contratista | M10: Verificación por parte de la Entidad del cumplimiento de la normatividad respeto a los puntos de dispensación. Entrega de las herramientas y/o documentación pertinente al operador logístico para que mantenga los puntos de dispensación de conformidad a la normatividad vigente. | N10: 1 | O10: 2 | P10: =SUM(N10:O10) -> 3 | Q10: =VLOOKUP(P10,Inputs!$E$2:$F$12,2,FALSE()) -> Bajo | R10: Si | S10: No | T10: Entidad Contratante + Contratista | U10: Al inicio de la operación contractual | V10: Al finalizar la ejecucion contractual (Incluidas sus prorogas). | W10: Visitas de verificación en puntos de dispensación por parte de la interventoria o supervision. | X10: Mensual
A11: 7 | B11: Específico | C11: Externo | D11: Ejecución | E11: Operacionales | F11: Desabastecimiento por parte de los laboratorios de moléculas y/o medicamentos contratados | G11: Los usuarios de la entidad contratante no pueden acceder al medicamento. Insatisfacción de los usuarios. Riesgo para la salud de los usuarios. | H11: 4 | I11: 4 | J11: =SUM(H11:I11) -> 8 | K11: =VLOOKUP(J11,Inputs!$E$2:$F$12,2,FALSE()) -> Extremo | L11: Entidad Contratante + Contratista | M11: Establecer condiciones para presentar medicamentos de marcas sustitutas ante posibles desabastecimientos y consideraciones especiales para novedad de varias marcas de un mismo medicamento. La Entidad revisa posibles sustitutos farmacéuticos para mitigar el posible desabastecimiento de alguna molécula, realizando la difusion correspondiente al personal prescriptor para la busqueda y formulacion de una alternativa terapeutica dispónible. Para el caso de items con una sola opción, diseñar planes de contigencia para contrarrestar los efectos negativos que genera este fenomeno. Adicionalmente: mantenimiento de un inventario de seguridad, gestión de una segunda fuente de suministro, seguimiento permanente a las alertas INVIMA (novedades de BPM, suspensión de registros sanitarios, moléculas descontinuadas) y activación de plan de contingencia ante la novedad. | N11: 2 | O11: 2 | P11: =SUM(N11:O11) -> 4 | Q11: =VLOOKUP(P11,Inputs!$E$2:$F$12,2,FALSE()) -> Bajo | R11: Si | S11: No | T11: Entidad Contratante + Contratista | U11: Desde el inicio de la etapa contractual | V11: Al finalizar la ejecucion contractual (Incluidas sus prorrogas). | W11: Realizando seguimiento a los inventarios de medicamentos,pendientes y reportes de desabastecimiento por parte del contratista a nivel nacional. | X11: Permanente
A12: 8 | B12: Específico | C12: Externo | D12: Ejecución | E12: Operacionales | F12: Errores en la dispensación de medicamentos por parte del contratista. | G12: Afectación en la salud de los usuarios. Insatisfacción del usuario. Riesgo reputacional. | H12: 2 | I12: 3 | J12: =SUM(H12:I12) -> 5 | K12: =VLOOKUP(J12,Inputs!$E$2:$F$12,2,FALSE()) -> Medio | L12: Contratista | M12: Informar a a la entidad contratante de la novedad presentada con la finalidad de adelantar procedimiento de auditoria y glosa pertinente al igual que iniciar con los correspondientes tramites de seguridad del paciente y analisis del reporte de evento adverso.Capacitación continua al personal. Adicionalmente: doble verificación en la dispensación, validación electrónica de la fórmula médica, alertas de interacción y duplicidad, y emisión de la tirilla (etiqueta de dispensación), conforme a las Resoluciones 1403 de 2007 y 1809 de 2025. | N12: 2 | O12: 2 | P12: =SUM(N12:O12) -> 4 | Q12: =VLOOKUP(P12,Inputs!$E$2:$F$12,2,FALSE()) -> Bajo | R12: Si | S12: No | T12: Entidad Contratante + Contratista | U12: Al inicio de la operación contractual | V12: Al finalizar la ejecucion contractual (Incluidas sus prorrogas). | W12: Seguimiento a indicadores y a la operación. Farmacovigilancia activa. Seguimiento PQRS . | X12: Mensual
A13: 9 | B13: Específico | C13: Externo | D13: Ejecución | E13: Operacionales | F13: Disolución anticipada de la unión temporal, Consorcios y/o Promesa de Sociedad Futura | G13: Incumplimiento del contrato | H13: 2 | I13: 5 | J13: =SUM(H13:I13) -> 7 | K13: =VLOOKUP(J13,Inputs!$E$2:$F$12,2,FALSE()) -> Alto | L13: Contratista | M13: Establecer el requerimiento de unas polizas contractuales que garanticen el cumplimiento de las obligaciones del contratista. Afectar garantía única. Inicar nuevo proceso de contratación. Adicionalmente: exigencia de garantía de cumplimiento y responsabilidad solidaria de los integrantes de la estructura plural, en los términos del artículo 7 de la Ley 80 de 1993. | N13: 1 | O13: 3 | P13: =SUM(N13:O13) -> 4 | Q13: =VLOOKUP(P13,Inputs!$E$2:$F$12,2,FALSE()) -> Bajo | R13: Si | S13: Si | T13: Entidad Contratante | U13: Fecha de conocimiento de la disolución. | V13: Al finalizar la ejecucion contractual (Incluidas sus prorrogas). | W13: Seguimiento por parte de la Entidad Contratante a notificaciones directa de la Union temporal,consorcios o sociedades. | X13: Permanente
A14: 10 | B14: Específico | C14: Externo | D14: Ejecución | E14: Operacionales | F14: Preparación, empaque, marcaje, o re-envase de medicamentos con características técnicas diferentes a las requeridas en los pliegos de condiciones, estudios previos, adiciones o modificaciones en el contrato | G14: Afectación en la seguridad del paciente, con posibles riesgos en su salud. No cumplimiento de estandares de calidad. | H14: 3 | I14: 3 | J14: =SUM(H14:I14) -> 6 | K14: =VLOOKUP(J14,Inputs!$E$2:$F$12,2,FALSE()) -> Alto | L14: Entidad Contratante + Contratista | M14: Establecer por parte de la entidad contratante los estandares de calidad definidos para la recepcion de estos medicamentos objeto de adecuación. Realizar verificacion de los estandares por parte del interventor o supervisor Realizar devolucion de medicamentos,glosa a la factura y soportes. Afectar garantia ünica. | N14: 1 | O14: 3 | P14: =SUM(N14:O14) -> 4 | Q14: =VLOOKUP(P14,Inputs!$E$2:$F$12,2,FALSE()) -> Bajo | R14: No | S14: No | T14: Entidad Contratante | U14: Al inicio de la operación contractual | V14: Al finalizar la ejecucion contractual (Incluidas sus prorrogas). | W14: Seguimiento a las condiciones minimas especificadas en el anexo técnico y seguimiento por parte de la Interventoria o Supervision | X14: Permanente
A15: 11 | B15: Específico | C15: Interno | D15: Ejecución | E15: Operacionales | F15: Agotamiento de inventarios en las farmacias | G15: Falta de oportunidad y continuidad en los tratamientos a dispensar a los usuarios. | H15: 3 | I15: 3 | J15: =SUM(H15:I15) -> 6 | K15: =VLOOKUP(J15,Inputs!$E$2:$F$12,2,FALSE()) -> Alto | L15: Entidad Contratante + Contratista | M15: Diseñar planes de contingencia para mitigar el riesgo de impacto por contingencia de salud publica y/o actualizacion del plan de beneficios. El contratista debera analizar y reportar a la entidad contratante las cifras de rotacion que se presenten en los puntos de dispensacion producto de la ejecucion del contrato las cuales servirán de retrolimentacion para su planificación de abastecimiento | N15: 2 | O15: 2 | P15: =SUM(N15:O15) -> 4 | Q15: =VLOOKUP(P15,Inputs!$E$2:$F$12,2,FALSE()) -> Bajo | R15: Si | S15: Si | T15: Entidad Contratante + Contratista | U15: Etapa de planeación. | V15: Al finalizar la ejecucion contractual (Incluidas sus prorrogas). | W15: Seguimiento desde la Interventoria o Supervision al comportamiento de medicamentos dados cambios abruptos en la prescripcion ya sea por contingencias de salud publica y/o actualizaciones en el plan de beneficios. | X15: Mensual
A16: 12 | B16: Específico | C16: Interno | D16: Ejecución | E16: Operacionales | F16: Indisponibilidad del software del contratista | G16: Inicio proceso manual, retraso en el proceso de entrega de medicamentos y pérdida de control | H16: 5 | I16: 4 | J16: =SUM(H16:I16) -> 9 | K16: =VLOOKUP(J16,Inputs!$E$2:$F$12,2,FALSE()) -> Extremo | L16: Entidad Contratante + Contratista | M16: Activar plan de contingencia establecido por la Entidad y el contratista. Implementar mecanismos de control ante la necesidad de la dispensacion manual de medicamentos. | N16: 3 | O16: 3 | P16: =SUM(N16:O16) -> 6 | Q16: =VLOOKUP(P16,Inputs!$E$2:$F$12,2,FALSE()) -> Alto | R16: Si | S16: No | T16: Contratista | U16: Desde el inicio de la etapa contractual | V16: Al finalizar la ejecucion contractual (Incluidas sus prorrogas). | W16: Seguimiento por parte de la Entidad Contratante. | X16: Permanente
... A38: 34 | B38: General | C38: Externo | D38: Selección | E38: Operacionales | F38: Indisponibilidad del SECOP II | G38: Imposibilidad de presentar observaciones, ofertas y/o subsanaciones. Imposibilidad de expedir adendas. | H38: 3 | I38: 5 | J38: =SUM(H38:I38) -> 8 | K38: =VLOOKUP(J38,Inputs!$E$2:$F$12,2,FALSE()) -> Extremo | L38: Entidad Contratante + Contratista | M38: Establecer medios alternos en el pliego de condiciones. | N38: 3 | O38: 4 | P38: =SUM(N38:O38) -> 7 | Q38: =VLOOKUP(P38,Inputs!$E$2:$F$12,2,FALSE()) -> Alto | R38: NO | S38: NO | T38: Entidad contratante | U38: Desde el inicio de la etapa contractual | V38: Hasta la adjudicación | W38: Verificación de la Plataforma Secop II. | X38: Permanente

Sheet Inputs
A1: Clase | B1: Fuente | C1: Etapa | D1: Tipo | E1: Riesgo | F1: Valoración | G1: 1 | H1: Colombia Compra Eficiente
A2: General | B2: Interno | C2: Planeación | D2: Económico | E2: 0 | F2: Bajo | G2: 2 | H2: Proveedor
A3: Específico | B3: Externo | C3: Selección | D3: Sociales o Políticos | E3: 1 | F3: Bajo | G3: 3 | H3: Entidad Compradora
C4: Contratación | D4: Operacionales | E4: 2 | F4: Bajo | G4: 4 | H4: Colombia Compra Eficiente + Proveedor
C5: Ejecución | D5: Financieros | E5: 3 | F5: Bajo | G5: 5 | H5: Colombia Compra Eficiente + Entidad Compradora
D6: Regulatorios | E6: 4 | F6: Bajo | H6: Entidad Compradora + Proveedor
D7: Naturaleza | E7: 5 | F7: Medio | H7: Colombia Compra Eficiente + Entidad Compradora + Proveedor
D8: Ambientales | E8: 6 | F8: Alto
D9: Tecnológicos | E9: 7 | F9: Alto
E10: 8 | F10: Extremo
E11: 9 | F11: Extremo
E12: 10 | F12: Extremo
